 Dungeon Crawl Stone Soup version 0.20.1-1-g8b1a95d (webtiles) character file.

117 tidbits the Insei (level 4, -7/34 HPs)
             Began as a Demigod Transmuter on Aug 20, 2017.
             Killed by divine providence
             ... invoked by an orc priest
              (15 damage)
             ... on level 3 of the Dungeon.
             The game lasted 00:05:25 (471 turns).

tidbits the Insei (Demigod Transmuter)               Turns: 471, Time: 00:05:26

Health: -7/34      AC:  2    Str: 13    XL:     4   Next: 44%
Magic:  3/11       EV: 12    Int: 19    God:
Gold:   29         SH:  0    Dex: 16    Spells: 3/9 levels left

rFire    . . .     SeeInvis .     - Unarmed
rCold    . . .     Gourm    .   (no shield)
rNeg     . . .     Faith    .   b - +0 robe
rPois    .         Spirit   .   (no helmet)
rElec    .         Reflect  .   (no cloak)
rCorr    .         Harm     .   (no gloves)
MR       .....                  (no boots)
Stlth    +.........             (no amulet)
Regen    0.2/turn               (no ring)
MPRegen  0.2/turn               (no ring)

@: very slightly contaminated
A: high mp 1
a: no special abilities


You were on level 3 of the Dungeon.
You were not hungry.

You visited 1 branch of the dungeon, and saw 3 of its levels.

You collected 29 gold pieces.

Inventory:

Missiles
 a - 5 arrows
 e - a tomahawk (quivered)
Armour
 b - a +0 robe (worn)
 f - a +0 buckler
Scrolls
 j - a scroll of enchant armour {unknown}
Books
 c - a book of Changes

   Spells                             Type                      Level
   a - Beastly Appendage              Transmutation                1
   b - Sticks to Snakes               Transmutation                2
   c - Spider Form                    Transmutation/Poison         3
   d - Ice Form                       Ice/Transmutation            4
   e - Blade Hands                    Transmutation                5
Comestibles
 d - 2 bread rations
 k - 3 chunks of flesh


   Skills:
 - Level 0.8 Fighting
 - Level 1.7 Dodging
 + Level 4.1 Unarmed Combat
 - Level 3.0 Spellcasting
 + Level 2.0 Transmutations


You had 3 spell levels left.
You knew the following spells:

 Your Spells              Type           Power        Failure   Level  Hunger
e - Beastly Appendage     Tmut           ##....       7%          1    None
k - Sticks to Snakes      Tmut           ##......     10%         2    ##.....
p - Spider Form           Tmut/Pois      #.........   30%         3    ###....


Dungeon Overview and Level Annotations

Branches:
Dungeon (3/15)


Innate Abilities, Weirdness & Mutations

You have an increased reservoir of magic. (+10% MP)


Message History

The adder hisses angrily.
The hobgoblin moves out of view.
You closely miss the adder. The adder closely misses you.
You bite the adder!
The adder is poisoned.
The adder is almost dead.
You kill the adder!
You see here a tomahawk.
You barely miss the hobgoblin.
Your transformation has ended.
Your +0 robe unmelds from your body.
The hobgoblin hits you but does no damage.
Casting: Spider Form
Confirm with . or Enter, or press ? or * to list all spells.
You turn into a venomous arachnid creature.
Your +0 robe melds into your body.
The hobgoblin shouts!
You bite the hobgoblin!
You kill the hobgoblin!
Your Transmutations skill increases to level 2!
You hit the goblin.
The goblin is poisoned.
The goblin is heavily wounded.
You kill the goblin!
An orc comes into view. It is wielding a dagger.
Items here: $ )) †† a dagger; a club; 19 gold pieces; a goblin corpse; a hobgoblin corpse You now have 29 gold pieces (gained 19).
The orc moves out of view.
An orc comes into view. It is wielding a quarterstaff.
You see here a tomahawk.
e - a tomahawk The orc moves out of view.
The orc shouts!
You hit the hobgoblin.
The hobgoblin is moderately wounded.
Your transformation is almost over.
The hobgoblin completely misses you.
You closely miss the hobgoblin.
The hobgoblin is moderately wounded.
The hobgoblin hits you.
The orc shouts!
You hit the hobgoblin.
The hobgoblin is poisoned.
The hobgoblin is heavily wounded.
The hobgoblin completely misses you.
An orc priest comes into view. It is wielding a flail.
The orc priest shouts!
You hit the hobgoblin.
You kill the hobgoblin!
Items here: )) ††† a dagger; a club; a hobgoblin corpse; a goblin corpse; a hobgoblin corpse An orc comes into view.
It is wielding a whip.
Casting: Spider Form
Confirm with . or Enter, or press ? or * to list all spells.
You create a snake!
You now have 5 arrows.
The orc completely misses you.
You barely miss the orc.
Your ball python barely misses the orc.
Your ball python grabs the orc.
Your ball python constricts the orc.
You hit the orc but do no damage.
The orc is poisoned.
Your transformation has ended.
Your +0 robe unmelds from your body.
The orc hits you with a dagger.
* * * LOW HITPOINT WARNING * * *
Your ball python bites the orc but does no damage.
Your ball python constricts the orc.
The orc hits you with a quarterstaff.
* * * LOW HITPOINT WARNING * * *
The orc struggles to escape constriction.
Your ball python bites the orc but does no damage.
Your ball python constricts the orc.
Casting: Sticks to Snakes
Confirm with . or Enter, or press ? or * to list all spells.
You miscast Spider Form.
You are very lightly contaminated with residual magic.
Your vision is briefly tinged with green.
Your ball python bites the orc but does no damage.
Your ball python constricts the orc.
Casting: Spider Form
Confirm with . or Enter, or press ? or * to list all spells.
You miscast Spider Form.
Nothing appears to happen.
The orc hits you with a quarterstaff!
* * * LOW HITPOINT WARNING * * *
Your ball python completely misses the orc.
Your ball python constricts the orc.
As you read the scroll labeled YTEEDA SIAWUN, it crumbles to dust.
It is a scroll of recharging.
You aren't carrying any rechargeable items.
Your ball python bites the orc but does no damage.
Your ball python constricts the orc.
The orc closely misses you.
Your ball python bites the orc but does no damage.
Your ball python constricts the orc.
As you read the scroll labeled KOFOTI IKHANGAOT, it crumbles to dust.
The creatures around you are filled with an inner flame!
It was a scroll of immolation.
The orc barely misses you.
Your ball python bites the orc but does no damage.
Your ball python constricts the orc.
The orc struggles to escape constriction.
The orc barely misses your ball python.
Your ball python bites the orc but does no damage.
Your ball python constricts the orc.
Your ball python bites the orc but does no damage.
Your ball python constricts the orc.
The orc barely misses your ball python.
The orc priest calls down the wrath of Beogh upon you.
Beogh smites you!
You die...

#.#.# #.# #.......... #...#
#.####......#
####.#######...........#
..#...........K.......#
#.#.#.................#.#.
###.#.#.#####.#####.#.#.....
................>...........#
###.#.#.#####.##.##o#.#.#.g..
#.#.#... #.##@##.#.#.###.#
###.#.#.### #.##o##o#.# #
.........# #.##.##(#.#
###.†.##.####.##o##.#.#.###
#..<# #(†..So.).(...... #..##
###.#o.##†#.##### #..#
#.#..##.#.# #..# #........ .
#..# o...........


You could see an orc priest (inner flame), 3 orcs and a friendly ball python
(inner flame).

Vanquished Creatures
  A howler monkey (D:3)
  Terence (D:2)
  3 adders
  2 worms (D:3)
  A dart slug (D:3)
  A leopard gecko (D:3)
  2 goblins
  5 hobgoblins
  2 jackals (D:1)
  A bat (D:1)
  A frilled lizard (D:3)
  2 kobolds
  3 rats
25 creatures vanquished.

Notes
Turn   | Place    | Note
-------+----------+-------------------------------------------
     0 | D:1      | tidbits the Demigod Transmuter began the quest for the Orb.
     0 | D:1      | Reached XP level 1. HP: 15/15 MP: 5/5
   108 | D:2      | Reached skill level 3 in Unarmed Combat
   151 | D:2      | Reached XP level 2. HP: 21/22 MP: 5/7
   157 | D:2      | Learned a level 2 spell: Sticks to Snakes
   198 | D:2      | Noticed Terence
   210 | D:2      | Killed Terence
   210 | D:2      | Reached skill level 4 in Unarmed Combat
   210 | D:2      | Reached XP level 3. HP: 25/27 MP: 1/8
   368 | D:3      | Reached skill level 2 in Spellcasting
   373 | D:3      | Learned a level 3 spell: Spider Form
   403 | D:3      | HP: 2/27 [howler monkey (6)]
   407 | D:3      | Reached XP level 4. HP: 4/34 MP: 2/11
   428 | D:3      | Reached skill level 3 in Spellcasting
   448 | D:3      | Reached skill level 2 in Transmutations
   471 | D:3      | Killed from afar by an orc priest

Skill      XL: |  1  2  3  4 |
---------------+-------------+-----
Unarmed Combat | 3 4 |  4.1
Spellcasting   | 2 3 |  3.0
Transmutations | 2 |  2.0
Fighting       | |  0.8
Dodging        | |  1.7

Action                   |  1- 3 |  4- 6 || total
-------------------------+-------+-------++-------
Melee: Unarmed           |    30 |    19 ||    49
       Kick              |     7 |       ||     7
       Punch             |     2 |       ||     2
       Headbutt          |     1 |       ||     1
Throw: Tomahawk          |    20 |       ||    20
 Cast: Beastly Appendage |     5 |       ||     5
       Sticks to Snakes  |     5 |     2 ||     7
       Spider Form       |     2 |     2 ||     4
  Use: Scroll            |       |     2 ||     2
       Potion            |       |     1 ||     1
 Stab: Sleeping          |     1 |       ||     1
       Distracted        |     1 |       ||     1
Armor: Robe              |     1 |     3 ||     4
Dodge: Dodged            |    14 |    13 ||    27

Table legend:
 A = Turns spent in this place as a percentage of turns spent in the entire game.
 B = Non-inter-level travel turns spent in this place as a percentage of non-inter-level travel turns spent in the entire game.
 C = Inter-level travel turns spent in this place as a percentage of turns spent in this place.
 D = Turns resting spent in this place as a percentage of non-inter-level travel turns spent in this place.
 E = Turns spent auto-exploring this place as a percentage of non-inter-level travel turns spent in this place.
 F = Non-inter-level travel turns spent in this place divided by the number of levels of this place that you've seen.
                   A       B       C       D       E      F
               +-------+-------+-------+-------+-------+----------------------
         Total | 100.0 | 100.0 |   0.0 |   0.0 |   0.0 | 144.0
       Dungeon | 100.0 | 100.0 |   0.0 |   0.0 |   0.0 | 144.0
               +-------+-------+-------+-------+-------+----------------------

Table legend:
 A = Kills in this place as a percentage of kills in entire the game.
 B = Kills by you in this place as a percentage of kills by you in the entire game.
 C = Kills by friends in this place as a percentage of kills by friends in the entire game.
 D = Other kills in this place as a percentage of other kills in the entire game.
 E = Experience gained in this place as a percentage of experience gained in the entire game.
 F = Experience gained in this place divided by the number of levels of this place that you have seen.
                   A       B       C       D       E      F
               +-------+-------+-------+-------+-------+----------------------
         Total | 100.0 | 100.0 |  -nan |  -nan | 100.0 |  56.0
       Dungeon | 100.0 | 100.0 |  -nan |  -nan | 100.0 |  56.0
               +-------+-------+-------+-------+-------+----------------------

Vault maps used:
D:1:      saegor_arrival_simple_b, minmay_pentomino_p4
D:2:      nicolae_ru_awakened_eye, chequers_ecumenical_altar_grove, uniq_terence
D:3:      overflow_temple_1_default
